 Dungeon Crawl Stone Soup version 0.32-a0-42-ga30500b4d3 (webtiles) character file.

Game seed: 15087926822997870225

634 CraigForest the Twirler (level 7, -6/56 HPs)
             Began as a Formicid Fighter on Jan 26, 2024.
             Was a High Priest of Ignis.
             Mangled by a wyvern (13 damage)
             ... on level 4 of the Dungeon.
             The game lasted 00:12:44 (3432 turns).

CraigForest the Twirler (Formicid Fighter)          Turns: 3432, Time: 00:12:45

Health: -6/56      AC: 13    Str: 22    XL:     7   Next: 79%
Magic:  7/7        EV:  6    Int:  8    God:    Ignis [*****.]
Gold:   115        SH:  5    Dex: 13    Spells: 6/6 levels left

rFire   + + .        a - +0 quarterstaff
rCold   . . .        c - +0 buckler
rNeg    + . .        u - +0 plate armour
rPois   .            (helmet unavailable)
rElec   .            t - +0 cloak
rCorr   .            (no gloves)
SInv    +            (no boots)
Will    .....        (no amulet) Stlth
                     g - ring of positive energy
HPRegen 0.29/turn    i - ring of protection from fire
MPRegen 0.10/turn

%: no passive effects
@: no status effects
A: permanent stasis, dig shafts and tunnels, antennae 3, four strong arms
a: Dig, Shaft Self, Renounce Religion, Fiery Armour, Foxfire Swarm, Rising Flame


You were on level 4 of the Dungeon.
You worshipped Ignis.
Ignis was extremely pleased with you.
You visited 1 branch of the dungeon, and saw 4 of its levels.
You also visited: Sewer.

You collected 115 gold pieces.

Inventory:

Hand Weapons
 a - a +0 quarterstaff (weapon)
 q - a +0 orcbow
 x - a +2 dagger of electrocution
 F - a +0 giant spiked club
 G - a +1 heavy trident
 H - a +0 falchion of draining
Missiles
 p - 8 boomerangs
 y - 8 poisoned darts
Armour
 b - a +0 scale mail
 c - a +0 buckler (worn)
 k - a +0 chain mail
 t - a +0 cloak (worn)
 u - a +0 plate armour (worn)
 w - a +1 leather armour of poison resistance
Jewellery
 g - a ring of positive energy (left hand)
 i - a ring of protection from fire (right hand)
 v - a ring of magical power
Scrolls
 f - 3 scrolls of immolation
 j - 2 scrolls of teleportation
 m - a scroll of vulnerability {unknown}
 o - 2 scrolls of poison {unknown}
 r - a scroll of torment {unknown}
 s - a scroll of fog {unknown}
 z - a scroll of blinking {unknown}
 A - a scroll of amnesia {unknown}
 B - a scroll of butterflies {unknown}
 C - a scroll of identify {unknown}
 E - a scroll of silence {unknown}
Potions
 d - a potion of might
 e - a potion of haste
 h - a potion of curing
 l - a potion of resistance {unknown}
 n - 6 potions of heal wounds
 D - 2 potions of invisibility {unknown}


   Skills:
 + Level 5.0 Fighting
 + Level 5.4 Staves
 + Level 5.4 Armour
 + Level 0.3 Dodging
 + Level 5.4 Shields


You had 6 spell levels left.
You didn't know any spells.
Your spell library contained the following spells:

 Spells                   Type           Power      Damage    Failure   Level
 Ensorcelled Hibernation  Hex/Ice        0%         N/A       100%        2
 Passwall                 Erth           0%         N/A       100%        3
 Alistair's Intoxication  Alch           0%         N/A       100%        5
 Borgnjor's Vile Clutch   Necr/Erth      0%         N/A       100%        5
 Eringya's Noxious Bog    Alch           0%         4d6       100%        6
 Swiftness                Air            Unusable   N/A       N/A         3

Dungeon Overview and Level Annotations

Branches:
Dungeon (4/15)              Sewer (visited)
 Temple: D:4-7

Altars:
Hepliaklqana
Ignis

Shops:
D:4 =


Innate Abilities, Weirdness & Mutations

You cannot be hasted, slowed, berserked, paralysed or teleported.
You can dig through walls and to a lower floor.
You have a pair of large antennae on your head. (SInv)
Your four strong arms can wield two-handed weapons with a shield.


Message History

Ninjaread99's ghost is heavily damaged.
The foxfire hits the wyvern.
The wyvern is heavily wounded.
The foxfire hits ninjaread99's ghost.
Ninjaread99's ghost is severely damaged.
The foxfire hits ninjaread99's ghost but does no damage.
Ninjaread99's ghost is severely damaged.
The foxfire hits the wyvern.
The wyvern is heavily wounded.
The foxfire hits ninjaread99's ghost.
Ninjaread99's ghost is severely damaged.
The foxfire hits ninjaread99's ghost but does no damage.
Ninjaread99's ghost is severely damaged.
The foxfire hits the wyvern but does no damage.
The wyvern is heavily wounded.
The foxfire hits ninjaread99's ghost.
Ninjaread99's ghost is severely damaged.
The wyvern bites you but does no damage.
Ninjaread99's ghost hits you but does no damage.
You sock ninjaread99's ghost!
You destroy ninjaread99's ghost!
The wyvern bites you! The wyvern closely misses you.
Your Fighting skill increases to level 5!
You sock the wyvern!
The wyvern is almost dead.
The wyvern bites you. The wyvern bites you!
* * * LOW HITPOINT WARNING * * *
You closely miss the wyvern.
The wyvern is almost dead.
The wyvern barely misses you.
You barely miss the wyvern.
The wyvern is almost dead.
The wyvern barely misses you. x2
You hit the wyvern but do no damage.
The wyvern is almost dead.
The wyvern bites you but does no damage.
You closely miss the wyvern.
The wyvern is almost dead.
The wyvern bites you!
You die...

#.....#..................
#.....#...............##.
#.....#...............##.
#.....#..#########.......
#.....#..#.......#.......
#.....#..#..###..#.......
#.....#..'..###?.#.......
########.##.#..'.......#....###
#...#..####.#.@k..###..#....###
#.........#....#..###..#.......
#.........#....#.......#.......
#.........#....#########.......
#.........'....................
#......>..#....................
#.........#......+...........##
###'###..##.######.......#####.
#...###..##.##...#............>


You could see a wyvern.

Vanquished Creatures
  The ghost of ninjaread99 the Conjurer, an amateur DrCj (D:4)
  An ogre (D:4)
  2 kobold brigands (Sewer)
  An orc priest (D:3)
  2 hounds (D:4)
  9 adders
  2 dart slugs
  3 ribbon worms (Sewer)
  10 orcs
  11 ball pythons
  5 endoplasms
  4 giant cockroaches
  7 goblins
  8 hobgoblins
  6 jackals
  7 kobolds
  7 quokkas
  4 bats
  4 frilled lizards
  5 rats
99 creatures vanquished.

Vanquished Creatures (others)
  29 foxfires (D:4)
29 creatures vanquished.

Grand Total: 128 creatures vanquished

Notes
Turn   | Place    | Note
-------+----------+-------------------------------------------
     0 | D:1      | CraigForest the Formicid Fighter began the quest for the
                  | Orb.
     0 | D:1      | Reached XP level 1. HP: 18/18 MP: 1/1
    78 | D:1      | Reached XP level 2. HP: 24/24 MP: 2/2
   557 | D:1      | Reached XP level 3. HP: 30/30 MP: 3/3
   781 | D:2      | Found a hazy altar of Hepliaklqana.
   912 | D:2      | Found a faded altar of an unknown god.
   931 | D:2      | Prayed at the altar of an unknown god.
   931 | D:2      | Became a worshipper of Ignis, the Dying Flame
   987 | D:2      | Reached XP level 4. HP: 36/37 MP: 4/4
  1550 | D:3      | Found a glowing drain.
  1571 | Sewer    | Entered a sewer
  1683 | Sewer    | Reached XP level 5. HP: 42/42 MP: 5/5
  1692 | Sewer    | Noticed a kobold brigand
  1709 | Sewer    | Killed a kobold brigand
  1807 | Sewer    | Reached XP level 6. HP: 49/49 MP: 6/6
  1932 | Sewer    | Reached skill level 5 in Shields
  2542 | D:4      | Found a runed translucent gate.
  2543 | D:4      | Found a runed translucent gate.
  2544 | D:4      | Found a runed translucent gate.
  2576 | D:4      | Noticed ninjaread99's ghost (amateur DrCj)
  2577 | D:4      | Noticed a wyvern
  2634 | D:4      | Reached XP level 7. HP: 50/55 MP: 7/7
  2806 | D:4      | Reached skill level 5 in Staves
  2806 | D:4      | Reached skill level 5 in Armour
  3121 | D:4      | Found Quwuxuq's Jewellery Boutique.
  3427 | D:4      | Killed ninjaread99's ghost
  3428 | D:4      | Reached skill level 5 in Fighting
  3432 | D:4      | Mangled by a wyvern

Illustrated notes

Levels and vault maps discovered:
D:1:      beargit_arrival_greenhouse, layout_basic
D:2:      layout_rooms, basic_altar, dreamdust_ecumenical_altar_grove
D:3:      layout_rooms, portal_sewer_entry_f, kennysheep_generic_room_6
D:4:      layout_gridville, gammafunk_ghost_split, serial_shops, shop

Skill      XL: |  1  2  3  4  5  6  7 |
---------------+----------------------+-----
Fighting       | 4 5 |  5.0
Staves         | 3 4 5 |  5.4
Armour         | 4 5 |  5.4
Shields        | 5 |  5.4
Dodging        | |  0.3

Action                     |  1- 3 |  4- 6 |  7- 9 || total
---------------------------+-------+-------+-------++-------
  Melee: Quarterstaff      |    80 |   184 |    44 ||   308
 Invoke: Foxfire Swarm     |       |       |     2 ||     2
Ability: Dig               |       |     1 |       ||     1
    Use: Potion            |       |     6 |     1 ||     7
         Scroll            |       |     2 |       ||     2
 Armour: Scale mail        |     9 |       |       ||     9
         Chain mail        |    41 |     6 |       ||    47
         Plate armour      |       |   143 |    45 ||   188
  Dodge: Dodged            |    29 |    49 |    14 ||    92
  Block: Buckler           |    18 |    50 |     9 ||    77

Table legend: (Time is in decaauts)
 A = Elapsed time spent in this place.
 B = Non-inter-level travel time spent in this place.
 C = Inter-level travel time spent in this place.
 D = Time resting spent in this place.
 E = Time spent auto-exploring this place.
 F = Levels seen in this place.
 G = Mean time per level.
                   A        B        C        D        E       F      G
               +--------+--------+--------+--------+--------+-----+--------+
         Total |   3562 |   3474 |     88 |      0 |   2445 |   5 |  712.4 |
       Dungeon |   2921 |   2833 |     88 |      0 |   2107 |   4 |  730.2 |
         Sewer |    640 |    640 |      0 |      0 |    337 |   1 |  640.0 |
               +--------+--------+--------+--------+--------+-----+--------+

Top non-repeatable levels by time:
     D:4: 937 daAuts
     D:1: 726 daAuts
   Sewer: 640 daAuts
     D:2: 629 daAuts
     D:3: 628 daAuts
